 Dungeon Crawl Stone Soup version 0.28-a0-1560-g060a6a1bfc (webtiles) character file.

Game seed: 15979797734985970921

41 BritishOli the Chopper (level 3, -2/28 HPs)
             Began as a Demonspawn Gladiator on Jan 19, 2022.
             Slain by an adder (3 damage)
             ... on level 2 of the Dungeon.
             The game lasted 00:00:51 (1249 turns).

BritishOli the Chopper (Demonspawn Gladiator)       Turns: 1249, Time: 00:00:52

Health: -2/28      AC:  3    Str: 16    XL:     3   Next: 32%
Magic:  3/3        EV: 12    Int:  9    God:
Gold:   52         SH:  0    Dex: 14    Spells: 2/2 levels left

rFire   . . .      SeeInvis .   a - +0 war axe
rCold   . . .      Faith    .   (no shield)
rNeg    . . .      Spirit   .   b - +0 leather armour
rPois   .          Reflect  .   (helmet restricted)
rElec   .          Harm     .   (no cloak)
rCorr   .          Rampage  .   (no gloves)
Will    .....                   (no boots)
Stlth   +.........              (no amulet)
HPRegen 0.09/turn               (no ring)
MPRegen 0.08/turn               (no ring)

@: no status effects
A: antennae 1, hooves 1
a: no special abilities


You were on level 2 of the Dungeon.
You visited 1 branch of the dungeon, and saw 2 of its levels.

You collected 52 gold pieces.

Inventory:

Hand Weapons
 a - a +0 war axe (weapon)
Missiles
 d - 3 throwing nets (quivered)
Armour
 b - a +0 leather armour (worn)
 c - a +0 helmet
Scrolls
 e - 2 scrolls of teleportation {unknown}
 f - 2 scrolls of identify {unknown}
 h - a scroll of immolation {unknown}
Potions
 g - 2 potions of curing {unknown}


   Skills:
 + Level 2.5 Fighting
 + Level 3.0 Axes
 - Level 2.0 Throwing
 + Level 0.9 Armour
 + Level 3.0 Dodging


You had 2 spell levels left.
You didn't know any spells.
Your spell library contained the following spells:

 Spells                   Type           Power      Damage    Failure   Level
 Magic Dart               Conj           0%         1d3       45%         1
 Call Imp                 Summ           0%         N/A       58%         2
 Mephitic Cloud           Conj/Pois/Air  0%         N/A       83%         3


Dungeon Overview and Level Annotations

Branches:
Dungeon (2/15)

Altars:

Shops:
D:1 (


Innate Abilities, Weirdness & Mutations

You have a pair of small antennae on your head.
You have large cloven feet.


Message History

You are too injured to fight recklessly!
Unknown command.
Unknown command.
Unknown command.
You feel sick.
You barely miss the hobgoblin.
You feel sick. The hobgoblin hits you.
You hit the hobgoblin.
The hobgoblin is almost dead.
You feel sick. The hobgoblin barely misses you. x2
You barely miss the hobgoblin.
The hobgoblin is almost dead.
You feel sick.
The hobgoblin hits you but does no damage.
You barely miss the hobgoblin.
The hobgoblin is almost dead.
You feel sick.
You are no longer poisoned.
The hobgoblin barely misses you.
You closely miss the hobgoblin.
The hobgoblin is almost dead.
The hobgoblin misses you.
The hobgoblin hits you but does no damage.
You slash the hobgoblin!
You kill the hobgoblin!
The goblin hits you with a +0 club.
* * * LOW HITPOINT WARNING * * *
You barely miss the goblin. You kick the goblin.
The goblin is severely wounded.
The goblin hits you with a +0 club.
* * * LOW HITPOINT WARNING * * *
You closely miss the goblin.
The goblin is severely wounded.
The goblin barely misses you.
The rat twitches its whiskers.
You slash the goblin!
You kill the goblin!
The adder bites you.
* * * LOW HITPOINT WARNING * * *
You barely miss the adder. Your kick misses the adder. The adder bites you.
You die...

#### .. #...### #.# ##
.....# #.# #. ....## #.#
##.#####...# #.# #
#.g#...#...# #.#.#
#.gS#...#..####.#.#
#.....{#@..#..†.......#
.g.gg..#####.##.###.#####
g...... .................
....... ...####.###.#####
#......#### #.# #.#
####### #######.###.#
≈≈≈#........#
........#####
≈≈≈#....####


You could see an adder, a hobgoblin and a goblin.

Vanquished Creatures
  An adder (D:2)
  7 ball pythons
  2 endoplasms (D:1)
  A giant cockroach (D:1)
  3 goblins
  2 hobgoblins
  2 jackals (D:1)
  2 kobolds (D:1)
  3 quokkas (D:1)
  2 bats (D:1)
  A frilled lizard (D:1)
  A rat (D:1)
27 creatures vanquished.

Notes
Turn   | Place    | Note
-------+----------+-------------------------------------------
     0 | D:1      | BritishOli the Demonspawn Gladiator began the quest for the
                  | Orb.
     0 | D:1      | Reached XP level 1. HP: 16/16 MP: 1/1
   141 | D:1      | Discovered your monstrous ancestry.
   141 | D:1      | Gained mutation: You have a pair of small antennae on your
                  | head. [demonic ancestry]
   141 | D:1      | Reached XP level 2. HP: 15/22 MP: 2/2
   465 | D:1      | Found a faded altar of an unknown god.
   592 | D:1      | Found Myfac's Antique Weapon Shop.
  1056 | D:2      | Gained mutation: You have large cloven feet. [demonic
                  | ancestry]
  1056 | D:2      | Reached XP level 3. HP: 28/28 MP: 3/3
  1248 | D:2      | HP: 1/28 [adder (2)]
  1249 | D:2      | Slain by an adder

Illustrated notes

Levels and vault maps discovered:
D:1:      dpeg_arrival_shelter, layout_loops_ring,
          hellmonk_ecumenical_altar_zigzags, serial_shops,
          nicolae_shop_behind_doors
D:2:      layout_basic, serial_shops, nicolae_shop_bloodbath_and_beyond,
          grunt_ministairs_11, amcnicky_mini_rare_corridor_liquid,
          chequers_hall_statues_corner_a, minmay_distorted, uniq_robin,
          uniq_sigmund

Skill      XL: |  1  2 |
---------------+-------+-----
Throwing       | 2 |  2.0
Axes           | 3 |  3.0
Dodging        | 3 |  3.0
Fighting       | |  2.5
Armour         | |  0.9

Action                   || total
-------------------------++-------
Melee: War axe           ||    77
       Punch             ||     2
       Kick              ||     2
 Stab: Sleeping          ||     2
Armor: Leather armour    ||    29
Dodge: Dodged            ||    53

Table legend: (Time is in decaauts)
 A = Elapsed time spent in this place.
 B = Non-inter-level travel time spent in this place.
 C = Inter-level travel time spent in this place.
 D = Time resting spent in this place.
 E = Time spent auto-exploring this place.
 F = Levels seen in this place.
 G = Mean time per level.
                   A        B        C        D        E       F      G
               +--------+--------+--------+--------+--------+-----+--------+
         Total |   1275 |   1256 |     19 |      0 |   1061 |   2 |  637.5 |
       Dungeon |   1275 |   1256 |     19 |      0 |   1061 |   2 |  637.5 |
               +--------+--------+--------+--------+--------+-----+--------+

Top non-repeatable levels by time:
     D:1: 1072 daAuts
     D:2: 202 daAuts
